BSA
VISTA PANTHERS @ KENILWORTH ACES
06/07/2029
 
TOP OF THE 1ST
Vista Panthers batting - Pitching for Kenilworth Aces : RHP José Martínez
Pitching: RHP José Martínez
Batting: LHB Bill Wilson 0-0: Ball
1-0: Ball
2-0: Ground out 4-3 (Groundball, 34D)
Batting: LHB Bob Cunningham 0-0: Ball
1-0: Called Strike
1-1: Ball
2-1: Ground out U3 (Groundball, 34S)
Batting: RHB Stephen Wilson 0-0: Ball
1-0: Ground out 1-3 (Groundball, 13)
Top of the 1st over - 0 runs, 0 hits, 0 errors, 0 left on base; Vista 0 - Kenilworth 0
BOTTOM OF THE 1ST
Kenilworth Aces batting - Pitching for Vista Panthers : RHP Mabuchi Yoshida
Pitching: RHP Mabuchi Yoshida
Batting: LHB Barrett Waters 0-0: Bunt missed!
0-1: Ball
1-1: Called Strike
1-2: Ground out U3 (Groundball, 34)
Batting: LHB Roberto García 0-0: Foul Ball, location: 2F
0-1: Ball
1-1: Called Strike
1-2: Ball
2-2: SOLO HOME RUN (Flyball, 9D), Distance : 376 ft
Batting: SHB Julián Madrid 0-0: Called Strike
0-1: Foul Ball, location: 2F
0-2: SINGLE (Groundball, 4MS) (infield hit)
Batting: LHB Roy Patrick 0-0: Foul Ball, location: 2F
0-1: 2-RUN HOME RUN (Flyball, 7D), Distance : 397 ft
Batting: RHB Jorge Jiménez 0-0: Called Strike
0-1: Foul Ball, location: 2F
0-2: Ball
1-2: Strikes out looking
Batting: LHB Roger Moore 0-0: Swinging Strike
0-1: SINGLE (Groundball, 4D)
Batting: RHB Andrés Lara 0-0: Ball
1-0: Foul Ball, location: 2F
1-1: Foul Ball, location: 2F
1-2: Ground out 5-3 (Groundball, 56S)
Bottom of the 1st over - 3 runs, 4 hits, 0 errors, 1 left on base; Vista 0 - Kenilworth 3
TOP OF THE 2ND
Vista Panthers batting - Pitching for Kenilworth Aces : RHP José Martínez
Batting: SHB Juan Castro 0-0: Ground out 3-1 (Groundball, 34)
Batting: RHB Cisco Gatán 0-0: Ball
1-0: Ball
2-0: Ball
3-0: Called Strike
3-1: SINGLE (Line Drive, 8LS)
Batting: RHB Phil Matthews 0-0: Called Strike
0-1: Foul Ball, location: 2F
0-2: Fly out, F8 (Flyball, 78M)
Batting: RHB Johnny Williams 0-0: Called Strike
0-1: SINGLE (Flyball, 7S)
Cisco Gatán to second
Batting: RHB Justin Burgess 0-0: Swinging Strike
0-1: Ball
1-1: Ball
2-1: Foul Ball, location: 2F
2-2: Ball
3-2: Foul Ball, location: 2F
3-2: Reached on error, E1 (Groundball, 15S)
Cisco Gatán scores
Johnny Williams to third
Batting: LHB Francisco Marino 0-0: Ball
1-0: Foul Ball, location: 2F
1-1: Fly out, F9 (Flyball, 9)
Top of the 2nd over - 1 run, 2 hits, 1 error, 2 left on base; Vista 1 - Kenilworth 3
BOTTOM OF THE 2ND
Kenilworth Aces batting - Pitching for Vista Panthers : RHP Mabuchi Yoshida
Batting: LHB Jim Jensen 0-0: Called Strike
0-1: Called Strike
0-2: SINGLE (Line Drive, 4M)
Batting: RHB Taylor McFarland 0-0: Called Strike
0-1: Ball
1-1: DOUBLE (Line Drive, 5D)
Jim Jensen to third
Batting: LHB Barrett Waters 0-0: Ground out 1-3 (Groundball, 13S)
Batting: LHB Roberto García 0-0: Foul Ball, location: 2F
0-1: Foul Ball, location: 2F
0-2: Fly out, F8 (Flyball, 8RM)
Runner from 3rd tags up, SCORES, throw made
Batting: SHB Julián Madrid 0-0: Called Strike
0-1: Fly out, F8 (Flyball, 8RXD)
Bottom of the 2nd over - 1 run, 2 hits, 0 errors, 1 left on base; Vista 1 - Kenilworth 4
TOP OF THE 3RD
Vista Panthers batting - Pitching for Kenilworth Aces : RHP José Martínez
Batting: LHB Bill Wilson 0-0: Ball
1-0: Called Strike
1-1: Ball
2-1: TRIPLE (Flyball, 8RXD)
Batting: LHB Bob Cunningham 0-0: Swinging Strike
0-1: Swinging Strike
0-2: Ball
1-2: Ball
2-2: Strikes out swinging
Batting: RHB Stephen Wilson 0-0: Called Strike
0-1: Ball
1-1: Fly out, F3 (Popup, 34)
Batting: SHB Juan Castro 0-0: Called Strike
0-1: Swinging Strike
0-2: Foul Ball, location: 2F
0-2: Ball
1-2: Foul Ball, location: 2F
1-2: Ball
2-2: Ball
3-2: Strikes out looking
Top of the 3rd over - 0 runs, 1 hit, 0 errors, 1 left on base; Vista 1 - Kenilworth 4
BOTTOM OF THE 3RD
Kenilworth Aces batting - Pitching for Vista Panthers : RHP Mabuchi Yoshida
Batting: LHB Roy Patrick 0-0: Ball
1-0: Ball
2-0: Called Strike
2-1: Fly out, F9 (Flyball, 89D)
Batting: RHB Jorge Jiménez 0-0: Ball
1-0: Swinging Strike
1-1: Swinging Strike
1-2: Ball
2-2: Strikes out swinging
Batting: LHB Roger Moore 0-0: Ball
1-0: Ball
2-0: Swinging Strike
2-1: Ball
3-1: DOUBLE (Flyball, 8LXD)
Batting: RHB Andrés Lara 0-0: Fly out, F8 (Flyball, 8LD)
Bottom of the 3rd over - 0 runs, 1 hit, 0 errors, 1 left on base; Vista 1 - Kenilworth 4
TOP OF THE 4TH
Vista Panthers batting - Pitching for Kenilworth Aces : RHP José Martínez
Batting: RHB Cisco Gatán 0-0: Ball
1-0: Called Strike
1-1: Swinging Strike
1-2: Strikes out looking
Batting: RHB Phil Matthews 0-0: Ball
1-0: Fly out, F8 (Flyball, 8LM)
Batting: RHB Johnny Williams 0-0: Fly out, F9 (Flyball, 9D)
Top of the 4th over - 0 runs, 0 hits, 0 errors, 0 left on base; Vista 1 - Kenilworth 4
BOTTOM OF THE 4TH
Kenilworth Aces batting - Pitching for Vista Panthers : RHP Mabuchi Yoshida
Batting: LHB Jim Jensen 0-0: Foul Ball, location: 2F
0-1: Called Strike
0-2: Ball
1-2: Reached on error, E4 (Groundball, 4)
Batting: RHB Taylor McFarland 0-0: Swinging Strike
0-1: Grounds into double play, 6-4-3 (Groundball, 6M)
Batting: LHB Barrett Waters 0-0: Ball
1-0: Ground out U3 (Groundball, 34)
Bottom of the 4th over - 0 runs, 0 hits, 1 error, 0 left on base; Vista 1 - Kenilworth 4
TOP OF THE 5TH
Vista Panthers batting - Pitching for Kenilworth Aces : RHP José Martínez
Batting: RHB Justin Burgess 0-0: Called Strike
0-1: Foul Ball, location: 2F
0-2: Ball
1-2: Ball
2-2: Ground out 6-3 (Groundball, 6)
Batting: LHB Francisco Marino 0-0: Foul Ball, location: 2F
0-1: Ball
1-1: Ball
2-1: Called Strike
2-2: Strikes out looking
Batting: LHB Bill Wilson 0-0: Called Strike
0-1: SOLO HOME RUN (Flyball, 78XD), Distance : 421 ft
Batting: LHB Bob Cunningham 0-0: Foul Ball, location: 2F
0-1: Foul Ball, location: 2F
0-2: Ball
1-2: Strikes out swinging
Top of the 5th over - 1 run, 1 hit, 0 errors, 0 left on base; Vista 2 - Kenilworth 4
BOTTOM OF THE 5TH
Kenilworth Aces batting - Pitching for Vista Panthers : RHP Mabuchi Yoshida
Batting: LHB Roberto García 0-0: Swinging Strike
0-1: SINGLE (Groundball, 6MD)
Batting: SHB Julián Madrid 0-0: Called Strike
0-1: Foul Ball, location: 2F
0-2: Strikes out swinging
Batting: LHB Roy Patrick 0-0: Called Strike
0-1: Foul Ball, location: 2F
0-2: Ball
1-2: Foul Ball, location: 2F
1-2: Ball
2-2: SINGLE (Flyball, 78S)
Roberto García to second
Batting: RHB Jorge Jiménez 0-0: Ball
1-0: Ground out 4-3 (Groundball, 4M)
Roberto García to third
Roy Patrick to second
Batting: LHB Roger Moore 0-0: Ball
1-0: Ground out U3 (Groundball, 3)
Bottom of the 5th over - 0 runs, 2 hits, 0 errors, 2 left on base; Vista 2 - Kenilworth 4
TOP OF THE 6TH
Vista Panthers batting - Pitching for Kenilworth Aces : RHP José Martínez
Batting: RHB Stephen Wilson 0-0: Called Strike
0-1: Called Strike
0-2: Foul Ball, location: 2F
0-2: Strikes out swinging
Batting: SHB Juan Castro 0-0: Called Strike
0-1: Ball
1-1: Ball
2-1: Swinging Strike
2-2: Strikes out swinging
Batting: RHB Cisco Gatán 0-0: Ball
1-0: Fly out, F6 (Line Drive, 6M)
Top of the 6th over - 0 runs, 0 hits, 0 errors, 0 left on base; Vista 2 - Kenilworth 4
BOTTOM OF THE 6TH
Kenilworth Aces batting - Pitching for Vista Panthers : RHP Mabuchi Yoshida
Batting: RHB Andrés Lara 0-0: Ball
1-0: Foul Ball, location: 2F
1-1: Ball
2-1: Fly out, F4 (Flyball, 34D)
Batting: LHB Jim Jensen 0-0: Ball
1-0: Swinging Strike
1-1: Called Strike
1-2: Fly out, F3 (Popup, 34)
Batting: RHB Taylor McFarland 0-0: Ball
1-0: Swinging Strike
1-1: Swinging Strike
1-2: Strikes out swinging
Bottom of the 6th over - 0 runs, 0 hits, 0 errors, 0 left on base; Vista 2 - Kenilworth 4
TOP OF THE 7TH
Vista Panthers batting - Pitching for Kenilworth Aces : RHP José Martínez
Batting: RHB Phil Matthews 0-0: Fly out, F7 (Flyball, 7LS)
Batting: RHB Johnny Williams 0-0: Called Strike
0-1: Ground out 6-3 (Groundball, 6)
Batting: RHB Justin Burgess 0-0: SINGLE (Groundball, 6MD)
Batting: LHB Francisco Marino 0-0: Called Strike
0-1: Called Strike
0-2: Foul Ball, location: 2F
0-2: Ball
1-2: Foul Ball, location: 2F
1-2: Ball
2-2: Ball
3-2: Ground out 4-3 (Groundball, 4MD)
Top of the 7th over - 0 runs, 1 hit, 0 errors, 1 left on base; Vista 2 - Kenilworth 4
BOTTOM OF THE 7TH
Kenilworth Aces batting - Pitching for Vista Panthers : RHP Mabuchi Yoshida
Batting: LHB Barrett Waters 0-0: Ground out 4-3 (Groundball, 4S)
Batting: LHB Roberto García 0-0: Called Strike
0-1: Ball
1-1: Ball
2-1: Ground out 3-1 (Groundball, 34)
Batting: SHB Julián Madrid 0-0: Called Strike
0-1: Ball
1-1: Foul Ball, location: 2F
1-2: Ball
2-2: SINGLE (Flyball, 8RS)
Batting: LHB Roy Patrick 0-0: Ball
1-0: Called Strike
1-1: Ground out 5-3 (Groundball, 5D)
Bottom of the 7th over - 0 runs, 1 hit, 0 errors, 1 left on base; Vista 2 - Kenilworth 4
TOP OF THE 8TH
Vista Panthers batting - Pitching for Kenilworth Aces : RHP José Martínez
Pitching: LHP Alfonso Ramos
Batting: LHB Bill Wilson 0-0: Foul Ball, location: 2F
0-1: Ball
1-1: Ball
2-1: Ball
3-1: Foul Ball, location: 2F
3-2: Fly out, F8 (Flyball, 8LS)
Batting: LHB Bob Cunningham 0-0: Called Strike
0-1: Swinging Strike
0-2: Foul Ball, location: 2F
0-2: Ball
1-2: Fly out, F9 (Flyball, 9LSF)
Batting: RHB Stephen Wilson 0-0: SINGLE (Flyball, 8LS)
Batting: SHB Juan Castro 0-0: Swinging Strike
0-1: Called Strike
0-2: Strikes out swinging
Top of the 8th over - 0 runs, 1 hit, 0 errors, 1 left on base; Vista 2 - Kenilworth 4
BOTTOM OF THE 8TH
Kenilworth Aces batting - Pitching for Vista Panthers : RHP Mabuchi Yoshida
Batting: RHB Jorge Jiménez 0-0: Foul Ball, location: 2F
0-1: Ground out 4-3 (Groundball, 4M)
Batting: LHB Roger Moore 0-0: Ball
1-0: Ball
2-0: Ball
3-0: Called Strike
3-1: Base on Balls
Batting: RHB Andrés Lara 0-0: Called Strike
0-1: Ball
1-1: Ball
2-1: Called Strike
2-2: Strikes out swinging
Roger Moore steals 2nd base
Batter strikes out.
Batting: LHB Jim Jensen 0-0: Ball
1-0: Ground out U3 (Groundball, 34)
Bottom of the 8th over - 0 runs, 0 hits, 0 errors, 1 left on base; Vista 2 - Kenilworth 4
TOP OF THE 9TH
Vista Panthers batting - Pitching for Kenilworth Aces : LHP Alfonso Ramos
Pitching: RHP Robinson Gonzáles
Batting: RHB Cisco Gatán 0-0: Ball
1-0: Called Strike
1-1: Fly out, F5 (Line Drive, 5)
Batting: RHB Phil Matthews 0-0: SINGLE (Groundball, 4MD)
Batting: RHB Johnny Williams 0-0: Fly out, F6 (Flyball, 6MD)
Batting: RHB Justin Burgess 0-0: Foul Ball, location: 2F
Balk!
Phil Matthews to second
0-1: Ball
1-1: Foul Ball, location: 2F
1-2: Fly out, F7 (Flyball, 7)
Top of the 9th over - 0 runs, 1 hit, 0 errors, 1 left on base; Vista 2 - Kenilworth 4
Saturday, December 16th, 2017 - OOTP Baseball 18.8 Build 76